[Event "Kupreichik Memorial Open 2018"]
[Site "Minsk"]
[Date "2018.06.21"]
[Round "1"]
[White "Kozlov, Valentin"]
[Black "Fedotov, Konstantin"]
[Result "0-1"]
[ECO "B12"]
[WhiteElo "1553"]
[BlackElo "2090"]
[Annotator "NA"]
[PlyCount "74"]
[EventDate "2018.06.21"]
[EventCountry "BLR"]
[SourceTitle "playchess.com"]
[Source "ChessBase"]
[SourceQuality "1"]
[TimeControl "900+10"]

1. e4 c6 2. d4 d5 3. e5 Bf5 4. Nf3 e6 5. a3 c5 6. dxc5 Bxc5 7. b4 Bb6 8. Be2 Nd7 9. O-O Qc7 10. Bb2 Qxc2 11. Qxc2 Bxc2 12. Nc3 a6 13. Rac1 Bg6 14. Na4 Bd8 15. Rc3 Ne7 16. Nh4 Nc6 17. Nxg6 hxg6 18. f4 Nd4 19. Bd3 b5 20. Nc5 Nxc5 21. Rxc5 Nf5 22. Rfc1 Bb6 23. Bxf5 Bxc5+ 24. Rxc5 gxf5 25. Bd4 Kd7 26. Rc3 a5 27. bxa5 Rhc8 28. Rb3 Rxa5 29. Bb6 Ra4 30. g3 Rc1+ 31. Kg2 Kc6 32. Bd8 d4 33. Be7 Rc2+ 34. Kh3 Rc3 35. Rb2 Rac4 36. Rd2 Kd5 37. Kh4 Rc2 0-1

[Event "Kupreichik Memorial Open 2018"]
[Site "Minsk"]
[Date "2018.06.21"]
[Round "1"]
[White "Tkachou, Pavel"]
[Black "Sarbay, Aleksandr"]
[Result "0-1"]
[ECO "A46"]
[WhiteElo "1535"]
[BlackElo "2183"]
[Annotator "NA"]
[PlyCount "24"]
[EventDate "2018.06.21"]
[EventCountry "BLR"]
[SourceTitle "playchess.com"]
[Source "ChessBase"]
[SourceQuality "1"]
[TimeControl "900+10"]

1. d4 Nf6 2. Nf3 c5 3. c3 e6 4. g3 b6 5. Bg2 Bb7 6. O-O Be7 7. Nbd2 O-O 8. Qc2 cxd4 9. cxd4 Nc6 10. e3 Nb4 11. Qb1 Ba6 12. Rd1 Bd3 0-1

[Event "Kupreichik Memorial Open 2018"]
[Site "Minsk"]
[Date "2018.06.21"]
[Round "1"]
[White "Yagutian, Mariya"]
[Black "Shaban, Alena"]
[Result "1-0"]
[ECO "D30"]
[WhiteElo "1506"]
[BlackElo "2027"]
[Annotator "NA"]
[PlyCount "67"]
[EventDate "2018.06.21"]
[EventCountry "BLR"]
[SourceTitle "playchess.com"]
[Source "ChessBase"]
[SourceQuality "1"]
[TimeControl "900+10"]

1. d4 d5 2. c4 e6 3. Nf3 Nf6 4. g3 c5 5. cxd5 Nxd5 6. Bg2 Nc6 7. O-O c4 8. Nbd2 c3 9. Nc4 b5 10. Nce5 Bb7 11. e4 Nxe5 12. Nxe5 Nf6 13. Qd3 cxb2 14. Qxb5+ Nd7 15. Bxb2 Rb8 16. Nxd7 Qxd7 17. Qe5 Rd8 18. Rfc1 f6 19. Qa5 Bc6 20. d5 Ba4 21. Rc7 Qb5 22. Qxb5+ Bxb5 23. Rxa7 Bc5 24. Ra5 Rb8 25. Bc3 exd5 26. exd5 Bd6 27. Rb1 Bc4 28. Rxb8+ Bxb8 29. Ra8 O-O 30. Bb4 Rd8 31. d6 Kf7 32. Ba5 Rf8 33. Bc7 Ba7 34. d7 1-0

[Event "Kupreichik Memorial Open 2018"]
[Site "Minsk"]
[Date "2018.06.21"]
[Round "2"]
[White "Meshkov, Yuri A"]
[Black "Svjatocho, Andrej"]
[Result "1-0"]
[ECO "A40"]
[WhiteElo "2375"]
[BlackElo "1979"]
[Annotator "NA"]
[PlyCount "93"]
[EventDate "2018.06.21"]
[EventCountry "BLR"]
[SourceTitle "playchess.com"]
[Source "ChessBase"]
[SourceQuality "1"]
[TimeControl "900+10"]

1. d4 e6 2. Bf4 c5 3. d5 exd5 4. Qxd5 Nc6 5. Nc3 Nf6 6. Qd3 a6 7. O-O-O Be7 8. e4 O-O 9. f3 b5 10. g4 Nb4 11. Qd2 Qa5 12. a3 Nc6 13. Nd5 Qxd2+ 14. Rxd2 Nxd5 15. Rxd5 b4 16. Ne2 Rd8 17. Bd6 Bxd6 18. Rxd6 Na5 19. Ng3 bxa3 20. bxa3 Nb7 21. Rb6 d5 22. e5 c4 23. Be2 Na5 24. Rd1 Bb7 25. Nf5 Kf8 26. f4 Bc6 27. Nd4 Be8 28. Bf3 c3 29. Be2 Rdb8 30. Rxa6 Rxa6 31. Bxa6 Ra8 32. Bb5 Nc4 33. Bxc4 dxc4 34. Ne2 Rxa3 35. Kb1 Bc6 36. Rd8+ Ke7 37. Rd6 Be4 38. Nd4 Ra8 39. h4 g6 40. f5 gxf5 41. gxf5 Ra5 42. f6+ Ke8 43. e6 Rd5 44. Rxd5 Bxd5 45. e7 h5 46. Ka2 Bc6 47. Nxc6 1-0

[Event "Kupreichik Memorial Open 2018"]
[Site "Minsk"]
[Date "2018.06.21"]
[Round "2"]
[White "Barskij, Vladimir"]
[Black "Selitski, Aleksandr"]
[Result "1-0"]
[ECO "B13"]
[WhiteElo "2352"]
[BlackElo "1678"]
[Annotator "NA"]
[PlyCount "113"]
[EventDate "2018.06.21"]
[EventCountry "BLR"]
[SourceTitle "playchess.com"]
[Source "ChessBase"]
[SourceQuality "1"]
[TimeControl "900+10"]

1. e4 c6 2. d4 d5 3. exd5 cxd5 4. Bf4 Nc6 5. c3 Nf6 6. Bd3 a6 7. Nd2 g6 8. Ngf3 Bg7 9. O-O O-O 10. h3 Re8 11. Re1 e6 12. a4 Bd7 13. b4 b6 14. Nb3 a5 15. b5 Ne7 16. g4 Rc8 17. Rc1 Rf8 18. Qd2 Ne8 19. Kg2 Kh8 20. Rh1 f6 21. h4 Kg8 22. Rce1 e5 23. dxe5 Bxg4 24. Nbd4 Bxf3+ 25. Nxf3 fxe5 26. Bxe5 Qd7 27. Qg5 Nf5 28. h5 Bh6 29. Bxf5 Qxf5 30. Qxf5 gxf5 31. Nd4 f4 32. Rh3 Nf6 33. Bxf6 Rxf6 34. Nc6 Rcf8 35. Kf3 Kh8 36. Rhh1 Rf5 37. Ne7 R5f7 38. Nxd5 Bg7 39. h6 Bf6 40. Re6 Bd8 41. Rhe1 Rf5 42. c4 Rh5 43. Re8 Rhf5 44. R1e5 R5f7 45. R5e6 Rf5 46. Rxf8+ Rxf8 47. Nxb6 Kg8 48. Nd5 Kf7 49. Ra6 Re8 50. Kxf4 Re2 51. f3 Ra2 52. Kf5 Rxa4 53. Ra7+ Ke8 54. c5 Rd4 55. Ke6 Rd2 56. Rxh7 Re2+ 57. Kd6 1-0

[Event "Kupreichik Memorial Open 2018"]
[Site "Minsk"]
[Date "2018.06.21"]
[Round "2"]
[White "Zarubitski, Viachaslau"]
[Black "Artsiomau, Stanislau"]
[Result "1-0"]
[ECO "D00"]
[WhiteElo "2265"]
[BlackElo "1954"]
[Annotator "NA"]
[PlyCount "117"]
[EventDate "2018.06.21"]
[EventCountry "BLR"]
[SourceTitle "playchess.com"]
[Source "ChessBase"]
[SourceQuality "1"]
[TimeControl "900+10"]

1. d4 d5 2. Bf4 e6 3. Nf3 Bd6 4. Bg3 Ne7 5. Bxd6 cxd6 6. e3 Nbc6 7. Be2 Bd7 8. O-O Rc8 9. Nc3 Na5 10. e4 Nc4 11. exd5 exd5 12. Qc1 O-O 13. Bd3 Qa5 14. Ne2 Bf5 15. Nf4 Bxd3 16. Nxd3 Qc7 17. c3 Na5 18. Re1 Nac6 19. Qg5 Qd7 20. Re2 f6 21. Qe3 Ng6 22. Rae1 Kf7 23. Nf4 Nxf4 24. Qxf4 Kg8 25. Qe3 Kf7 26. Qd3 g6 27. Qb5 Kg7 28. Qxd5 Rf7 29. h3 Rd8 30. Nh2 Ne7 31. Qe6 Qxe6 32. Rxe6 Nd5 33. g3 Rdd7 34. Nf3 Nc7 35. R6e2 d5 36. Nd2 Nb5 37. Nb3 b6 38. Nc1 g5 39. Nd3 h6 40. Kg2 Nd6 41. Nb4 Nf5 42. Kf3 Rd6 43. Re6 Rdd7 44. Ke2 h5 45. Kd3 Ne7 46. Nc6 Ng6 47. b4 h4 48. b5 hxg3 49. fxg3 Kg8 50. Re8+ Kg7 51. R1e6 Nf8 52. R6e7 Ng6 53. Rxd7 Rxd7 54. Ra8 f5 55. Rxa7 Rxa7 56. Nxa7 f4 57. g4 Nh4 58. Nc8 Ng2 59. Ke2 1-0

[Event "Kupreichik Memorial Open 2018"]
[Site "Minsk"]
[Date "2018.06.21"]
[Round "2"]
[White "Tsigelnitskiy, Ilusha"]
[Black "Laptii, Nazar"]
[Result "0-1"]
[ECO "A00"]
[WhiteElo "2253"]
[BlackElo "1915"]
[Annotator "NA"]
[PlyCount "62"]
[EventDate "2018.06.21"]
[EventCountry "BLR"]
[SourceTitle "playchess.com"]
[Source "ChessBase"]
[SourceQuality "1"]
[TimeControl "900+10"]

1. g3 g6 2. Bg2 Bg7 3. Nf3 Nf6 4. O-O O-O 5. c4 d6 6. Nc3 e5 7. d3 h6 8. Bd2 Re8 9. Ne1 c6 10. Rb1 Be6 11. Nc2 d5 12. cxd5 cxd5 13. d4 e4 14. b4 Nbd7 15. Ne3 Nb6 16. f4 Ng4 17. Nc2 e3 18. Be1 Bf5 19. h3 Nf2 20. Rxf2 exf2+ 21. Bxf2 Rc8 22. Rb3 Na4 23. Nxa4 Bxc2 24. Qd2 Bxb3 25. axb3 b6 26. e3 Qd6 27. Nb2 Rc7 28. Bf1 Rec8 29. Bd3 Rc3 30. Kg2 Qxb4 31. f5 Rxb3 0-1

[Event "Kupreichik Memorial Open 2018"]
[Site "Minsk"]
[Date "2018.06.21"]
[Round "2"]
[White "Sihite, Chelsie Monica Igne"]
[Black "Gavrjuchenkova, Angelina"]
[Result "1-0"]
[ECO "C50"]
[WhiteElo "2236"]
[BlackElo "1900"]
[Annotator "NA"]
[PlyCount "57"]
[EventDate "2018.06.21"]
[EventCountry "BLR"]
[SourceTitle "playchess.com"]
[Source "ChessBase"]
[SourceQuality "1"]
[TimeControl "900+10"]

1. e4 e5 2. Nf3 Nc6 3. Bc4 Bc5 4. O-O Nf6 5. d4 Bxd4 6. Nxd4 Nxd4 7. Bg5 h6 8. Bh4 d6 9. c3 Nc6 10. Nd2 Be6 11. Bb5 a6 12. Ba4 b5 13. Bc2 g5 14. Bg3 h5 15. h4 g4 16. Re1 Qd7 17. a4 Ke7 18. Nf1 Rag8 19. Ne3 Nxe4 20. Bxe4 f5 21. Bd5 f4 22. Bxe6 Kxe6 23. axb5 fxg3 24. Qd5+ Ke7 25. Qxc6 gxf2+ 26. Kxf2 g3+ 27. Kg1 Qc8 28. Nd5+ Kd8 29. Rxa6 1-0

[Event "Kupreichik Memorial Open 2018"]
[Site "Minsk"]
[Date "2018.06.21"]
[Round "2"]
[White "Nigmatov, Ortik"]
[Black "Papunidi, Matvey"]
[Result "1-0"]
[ECO "B38"]
[WhiteElo "2210"]
[BlackElo "1751"]
[Annotator "NA"]
[PlyCount "89"]
[EventDate "2018.06.21"]
[EventCountry "BLR"]
[SourceTitle "playchess.com"]
[Source "ChessBase"]
[SourceQuality "1"]
[TimeControl "900+10"]

1. e4 c5 2. Nf3 Nc6 3. d4 cxd4 4. Nxd4 g6 5. c4 Bg7 6. Be3 Nf6 7. Nc3 O-O 8. Be2 d6 9. h3 Bd7 10. O-O Nxd4 11. Bxd4 Bc6 12. Qc2 Nd7 13. Bxg7 Kxg7 14. Rad1 a5 15. Bg4 Ne5 16. c5 Nxg4 17. hxg4 Qd7 18. cxd6 exd6 19. f3 Rac8 20. Rd4 b5 21. Qf2 Rfd8 22. Rfd1 Qe6 23. a3 Qe5 24. Qd2 Rd7 25. Nd5 Rb8 26. Ne3 Rbd8 27. Kf2 h5 28. Qxa5 h4 29. Qc3 Bb7 30. R4d3 Qxc3 31. Rxc3 d5 32. Rcd3 Kf6 33. Nxd5+ Bxd5 34. Rxd5 Rxd5 35. Rxd5 Rxd5 36. exd5 Ke5 37. Ke3 Kxd5 38. b3 f6 39. Kf4 Kd4 40. g5 f5 41. a4 b4 42. a5 Kc3 43. a6 Kxb3 44. a7 Kc2 45. a8=Q 1-0

[Event "Kupreichik Memorial Open 2018"]
[Site "Minsk"]
[Date "2018.06.21"]
[Round "2"]
[White "Savolainen, Lev P"]
[Black "Yagutian, Mariya"]
[Result "1-0"]
[ECO "A57"]
[WhiteElo "2163"]
[BlackElo "1506"]
[Annotator "NA"]
[PlyCount "81"]
[EventDate "2018.06.21"]
[EventCountry "BLR"]
[SourceTitle "playchess.com"]
[Source "ChessBase"]
[SourceQuality "1"]
[TimeControl "900+10"]

1. d4 Nf6 2. c4 c5 3. d5 b5 4. cxb5 a6 5. b6 Qxb6 6. Nc3 d6 7. e4 g6 8. h3 Bg7 9. Nf3 O-O 10. Be2 Nfd7 11. O-O Ne5 12. Nd2 e6 13. f4 Ned7 14. dxe6 fxe6 15. Nc4 Bd4+ 16. Kh1 Qc7 17. Bf3 Bb7 18. Bg4 e5 19. Be6+ Kh8 20. Nd5 Bxd5 21. Bxd5 Ra7 22. f5 gxf5 23. exf5 Nf6 24. Be6 d5 25. Bh6 Rg8 26. Ne3 Rg3 27. Nxd5 Qc6 28. Rf3 Rxf3 29. Qxf3 Nxd5 30. Qxd5 Qxd5 31. Bxd5 Nd7 32. g4 Nf6 33. Be6 e4 34. Kg2 Ng8 35. Bf8 Ra8 36. Bd6 Rd8 37. Bc7 Bxb2 38. Bxd8 Bxa1 39. g5 h6 40. f6 e3 41. f7 1-0

[Event "Kupreichik Memorial Open 2018"]
[Site "Minsk"]
[Date "2018.06.21"]
[Round "2"]
[White "Kalinin, Dmitry"]
[Black "Nikitenko, Mihail"]
[Result "0-1"]
[ECO "D18"]
[WhiteElo "2119"]
[BlackElo "2401"]
[Annotator "NA"]
[PlyCount "66"]
[EventDate "2018.06.21"]
[EventCountry "BLR"]
[SourceTitle "playchess.com"]
[Source "ChessBase"]
[SourceQuality "1"]
[TimeControl "900+10"]

1. d4 d5 2. c4 c6 3. Nc3 Nf6 4. Nf3 dxc4 5. a4 Bf5 6. e3 e6 7. Bxc4 Bb4 8. O-O Nbd7 9. h3 Bg6 10. Qb3 a5 11. Ne5 Nxe5 12. dxe5 Nd7 13. Rd1 Qc7 14. e4 Qxe5 15. Be3 Nc5 16. Bxc5 Qxc5 17. Nb5 O-O 18. Nd6 Qe5 19. Qd3 Rad8 20. Nxf7 Kxf7 21. Qxd8 Rxd8 22. Rxd8 Bxe4 23. Rad1 Bd5 24. Bxd5 exd5 25. Rd7+ Ke6 26. Rxb7 Qe2 27. Rc1 Kd6 28. Rb6 Bc5 29. Rb3 Bxf2+ 30. Kh1 Be3 31. Ra1 d4 32. Rb8 d3 33. Rf8 d2 0-1

[Event "Kupreichik Memorial Open 2018"]
[Site "Minsk"]
[Date "2018.06.21"]
[Round "2"]
[White "Shaban, Alena"]
[Black "Sukalina, Alina"]
[Result "1-0"]
[ECO "A06"]
[WhiteElo "2027"]
[BlackElo "1673"]
[Annotator "NA"]
[PlyCount "123"]
[EventDate "2018.06.21"]
[EventCountry "BLR"]
[SourceTitle "playchess.com"]
[Source "ChessBase"]
[SourceQuality "1"]
[TimeControl "900+10"]

1. Nf3 d5 2. g3 Nf6 3. Bg2 c6 4. O-O Nbd7 5. d3 e5 6. c3 Bd6 7. Qc2 O-O 8. e4 dxe4 9. dxe4 Nc5 10. Nbd2 b5 11. b4 Na4 12. Rd1 Qc7 13. c4 Bxb4 14. cxb5 Nc3 15. Qb3 Nxd1 16. Qxb4 Nxf2 17. Ba3 c5 18. Qxc5 Qxc5 19. Bxc5 Nd3 20. Bxf8 Kxf8 21. Bf1 Nc5 22. Nxe5 Bb7 23. Rc1 Ncxe4 24. Rc7 Nd6 25. a4 Rc8 26. Rxc8+ Nxc8 27. Kf2 Ke8 28. Ke3 Nd7 29. Nc6 Ndb6 30. a5 Nd5+ 31. Kd4 Nde7 32. Kc5 Kd7 33. Bh3+ Kc7 34. Nc4 Bxc6 35. bxc6 f5 36. Ne5 Nd6 37. Bg2 g5 38. Nf3 Ne4+ 39. Kb5 Nd6+ 40. Ka6 Nxc6 41. Nxg5 h6 42. Ne6+ Kd7 43. Nc5+ Kc7 44. Ne6+ Kd7 45. Bxc6+ Kxc6 46. Kxa7 Kd5 47. Ng7 Ke4 48. a6 Nc8+ 49. Kb7 Nd6+ 50. Kc6 Nc8 51. Ne8 Na7+ 52. Kb6 Nc8+ 53. Kc7 Na7 54. Nd6+ Ke5 55. Nf7+ Ke4 56. Nxh6 f4 57. gxf4 Kxf4 58. Nf7 Kg4 59. Nd6 Kh3 60. Kb7 Nb5 61. Nxb5 Kxh2 62. a7 1-0

[Event "Kupreichik Memorial Open 2018"]
[Site "Minsk"]
[Date "2018.06.21"]
[Round "2"]
[White "Tsaruk, Maksim"]
[Black "Zhukova, Natalia"]
[Result "1-0"]
[ECO "C70"]
[WhiteElo "1980"]
[BlackElo "2356"]
[Annotator "NA"]
[PlyCount "81"]
[EventDate "2018.06.21"]
[EventCountry "BLR"]
[SourceTitle "playchess.com"]
[Source "ChessBase"]
[SourceQuality "1"]
[TimeControl "900+10"]

1. e4 e5 2. Nf3 Nc6 3. Bb5 a6 4. Ba4 b5 5. Bb3 g6 6. O-O Bg7 7. c3 Nge7 8. d4 exd4 9. cxd4 O-O 10. Nc3 d6 11. h3 Na5 12. Bc2 c5 13. Rb1 cxd4 14. Nxd4 Bb7 15. Bg5 h6 16. Bh4 Rc8 17. Nde2 Nc4 18. Bb3 Qd7 19. Bg3 Rfd8 20. Bxc4 Rxc4 21. Qd3 Qc8 22. f3 d5 23. Rbd1 d4 24. Bf2 Nc6 25. Nd5 Rxd5 26. exd5 Ne5 27. Qd2 Rc2 28. Qe1 d3 29. Nd4 Rxb2 30. Rd2 Rxd2 31. Qxd2 Bxd5 32. f4 Nc4 33. Qxd3 Ba8 34. Nf3 Kh7 35. Re1 Qb7 36. h4 Qc7 37. f5 Nb2 38. fxg6+ fxg6 39. Qe2 Qf4 40. Be3 Qg4 41. Ng5+ 1-0

[Event "Kupreichik Memorial Open 2018"]
[Site "Minsk"]
[Date "2018.06.21"]
[Round "2"]
[White "Zhukovskij, Viktor"]
[Black "Kalugin, Sergey G"]
[Result "1-0"]
[ECO "B30"]
[WhiteElo "1973"]
[BlackElo "2334"]
[Annotator "NA"]
[PlyCount "113"]
[EventDate "2018.06.21"]
[EventCountry "BLR"]
[SourceTitle "playchess.com"]
[Source "ChessBase"]
[SourceQuality "1"]
[TimeControl "900+10"]

1. e4 c5 2. Nf3 Nc6 3. Bb5 d6 4. Bxc6+ bxc6 5. O-O g6 6. c3 Bg7 7. h3 Nf6 8. Re1 O-O 9. d4 cxd4 10. cxd4 Rb8 11. Nc3 Nd7 12. Qc2 c5 13. Be3 Bb7 14. Rad1 Qa5 15. dxc5 Nxc5 16. Bd4 Ne6 17. Bxg7 Nxg7 18. Nd4 Rfc8 19. Qa4 Qxa4 20. Nxa4 Ne6 21. Nxe6 fxe6 22. Rd2 e5 23. f3 Kf7 24. Kf2 Rc7 25. Nc3 Rc5 26. Red1 Rbc8 27. Ke3 Ba6 28. Rd5 Bb7 29. Rxc5 Rxc5 30. Rd2 Ke6 31. Kd3 Ba6+ 32. Kc2 Kd7 33. b4 Rc8 34. a4 Bc4 35. Kb2 Rb8 36. Ka3 a5 37. b5 e6 38. Nd1 Rc8 39. Ne3 Bxb5 40. axb5 Rc3+ 41. Ka4 Rxe3 42. Kxa5 Kc7 43. b6+ Kb7 44. Rxd6 Ra3+ 45. Kb5 Rb3+ 46. Kc5 Rc3+ 47. Kb4 Rc2 48. Rxe6 Rxg2 49. Kb5 Rb2+ 50. Kc5 Rc2+ 51. Kd5 Rf2 52. Rf6 Rh2 53. Rf7+ Kxb6 54. Rxh7 Rf2 55. Rf7 Rh2 56. Kxe5 Rxh3 57. f4 1-0

[Event "Kupreichik Memorial Open 2018"]
[Site "Minsk"]
[Date "2018.06.21"]
[Round "2"]
[White "Ilyuchyk, Yana"]
[Black "Nomin-Erdene, Davaademberel"]
[Result "1-0"]
[ECO "C47"]
[WhiteElo "1971"]
[BlackElo "2312"]
[Annotator "NA"]
[PlyCount "151"]
[EventDate "2018.06.21"]
[EventCountry "BLR"]
[SourceTitle "playchess.com"]
[Source "ChessBase"]
[SourceQuality "1"]
[TimeControl "900+10"]

1. e4 e5 2. Nf3 Nc6 3. Nc3 Nf6 4. d4 exd4 5. Nxd4 Bb4 6. Nxc6 bxc6 7. Bd3 d5 8. exd5 cxd5 9. O-O O-O 10. h3 c6 11. Qf3 Bd6 12. Bf4 Rb8 13. b3 Bb7 14. Ne2 c5 15. Bxd6 Qxd6 16. Qf4 Qc6 17. Qf3 Nd7 18. Nf4 Rbe8 19. Rfe1 g6 20. c4 Ne5 21. Qg3 Nxd3 22. cxd5 Qd6 23. Nxd3 Qxd5 24. Rac1 Rxe1+ 25. Rxe1 Rd8 26. Nf4 Qd6 27. Qe3 Qc6 28. Qe7 Rc8 29. h4 h5 30. Re5 Qc7 31. Qg5 c4 32. Re7 Qc6 33. bxc4 Rd8 34. Kh2 Rd4 35. Qe5 Rd8 36. Rc7 Qe4 37. Qxe4 Bxe4 38. Rxa7 Rd2 39. Kg3 Rc2 40. f3 Bf5 41. Nd5 Rxc4 42. Ne7+ Kg7 43. Nxf5+ gxf5 44. f4 Rc3+ 45. Kf2 Rc2+ 46. Kg3 Rc3+ 47. Kh2 Rc2 48. a4 Ra2 49. Ra5 Kg6 50. Ra6+ Kg7 51. Ra8 Kg6 52. a5 Kg7 53. a6 Kh7 54. a7 Kg7 55. Kg3 f6 56. Kf3 Ra3+ 57. Ke2 Ra1 58. Kd3 Ra4 59. Kc3 Ra1 60. Kb4 Rb1+ 61. Kc5 Rc1+ 62. Kd6 Rd1+ 63. Ke6 Re1+ 64. Kxf5 Ra1 65. Ke6 Ra6+ 66. Ke7 Ra4 67. Rd8 Rxa7+ 68. Rd7 Ra2 69. Ke6+ Kg6 70. f5+ Kh6 71. Kxf6 Rxg2 72. Kf7 Rg4 73. f6 Kh7 74. Ke8+ Kg6 75. f7 Re4+ 76. Re7 1-0

[Event "Kupreichik Memorial Open 2018"]
[Site "Minsk"]
[Date "2018.06.21"]
[Round "2"]
[White "Naumovich, Yaroslav"]
[Black "Terletsky, Oleg"]
[Result "1/2-1/2"]
[ECO "E67"]
[WhiteElo "1959"]
[BlackElo "2268"]
[Annotator "NA"]
[PlyCount "115"]
[EventDate "2018.06.21"]
[EventCountry "BLR"]
[SourceTitle "playchess.com"]
[Source "ChessBase"]
[SourceQuality "1"]
[TimeControl "900+10"]

1. Nf3 Nf6 2. d4 g6 3. g3 Bg7 4. Bg2 O-O 5. O-O d6 6. c4 Nbd7 7. Nc3 e5 8. dxe5 dxe5 9. e4 c6 10. b3 Qe7 11. Bb2 Nc5 12. Qc2 Bg4 13. Ba3 Nfd7 14. Rad1 Qf6 15. Qe2 Rfd8 16. h3 Bxf3 17. Qxf3 Ne6 18. Qxf6 Bxf6 19. Ne2 Ndc5 20. f4 b6 21. f5 Rxd1 22. Rxd1 Nd4 23. Nxd4 exd4 24. fxg6 hxg6 25. Bxc5 bxc5 26. Rd3 Be5 27. Kf2 Kf8 28. Bf3 Ke7 29. h4 Rh8 30. Kg2 Kd6 31. Bg4 f6 32. Rf3 Ke7 33. Rd3 a6 34. Rd2 Bc7 35. Rd3 Ba5 36. Bf3 Kd6 37. Bg4 Rh7 38. Bc8 Bc3 39. Kf3 Ke5 40. Bg4 a5 41. Rd1 Ra7 42. Rb1 Bb4 43. a4 d3 44. Ke3 d2 45. Be2 Rd7 46. Bd3 Rh7 47. Be2 Rg7 48. Rf1 f5 49. Bd3 Rf7 50. Bc2 Rf6 51. h5 gxh5 52. Rxf5+ Rxf5 53. exf5 Kf6 54. Bd1 Kg5 55. f6 Kxf6 56. Bxh5 Kg5 57. Bd1 Kf5 58. Be2 1/2-1/2

[Event "Kupreichik Memorial Open 2018"]
[Site "Minsk"]
[Date "2018.06.21"]
[Round "2"]
[White "Uzlavataya, Anhelina"]
[Black "Rakhmangulova, Anastasiya"]
[Result "1-0"]
[ECO "A04"]
[WhiteElo "1925"]
[BlackElo "2244"]
[Annotator "NA"]
[PlyCount "60"]
[EventDate "2018.06.21"]
[EventCountry "BLR"]
[SourceTitle "playchess.com"]
[Source "ChessBase"]
[SourceQuality "1"]
[TimeControl "900+10"]

1. Nf3 c5 2. g3 Nc6 3. d4 cxd4 4. Nxd4 g6 5. Bg2 Bg7 6. Nb3 Nf6 7. c4 O-O 8. O-O d6 9. Nc3 Nd7 10. e4 Nde5 11. Qe2 Be6 12. Nd5 Rc8 13. Bg5 h6 14. Bd2 a5 15. Be3 a4 16. Nd2 Bxd5 17. exd5 Nb4 18. Rab1 Nxa2 19. Ra1 Nb4 20. Rxa4 Ned3 21. Be4 Qd7 22. b3 Nb2 23. Rxb4 Bc3 24. Rb5 f5 25. Bg2 g5 26. Nf3 g4 27. Nd4 f4 28. gxf4 Rc5 29. Rxc5 dxc5 30. Ne6 h5 1-0

[Event "Kupreichik Memorial Open 2018"]
[Site "Minsk"]
[Date "2018.06.21"]
[Round "2"]
[White "Sadovnikov, Konstantin"]
[Black "Ten, Alexander"]
[Result "0-1"]
[ECO "C26"]
[WhiteElo "1908"]
[BlackElo "2265"]
[Annotator "NA"]
[PlyCount "90"]
[EventDate "2018.06.21"]
[EventCountry "BLR"]
[SourceTitle "playchess.com"]
[Source "ChessBase"]
[SourceQuality "1"]
[TimeControl "900+10"]

1. e4 e5 2. Nc3 Nf6 3. Bc4 Be7 4. d3 O-O 5. f4 d6 6. Nf3 exf4 7. Bxf4 c6 8. O-O d5 9. Bb3 dxe4 10. dxe4 Qb6+ 11. Kh1 Bg4 12. h3 Bh5 13. Qe2 Nfd7 14. Rad1 Nc5 15. Qf2 Nbd7 16. Be3 Qc7 17. Rd2 Nxb3 18. axb3 Rad8 19. Nd4 Bg6 20. Bf4 Qa5 21. Rfd1 Nc5 22. Qe3 Rfe8 23. Nf5 Rxd2 24. Rxd2 Nxe4 25. Qxe4 Qxf5 26. Qxf5 Bxf5 27. g4 Bg6 28. Rd7 Bxc2 29. Rxb7 Bc5 30. Rc7 Bxb3 31. Rxc6 Bd4 32. Rc7 h6 33. Kg2 g5 34. Bd6 Bb6 35. Rd7 Re6 36. Bc7 Be3 37. Bg3 a6 38. Rb7 Bc2 39. Kf3 Bc1 40. Rb8+ Kg7 41. Bf2 Rd6 42. Bg3 Rd3+ 43. Kg2 Rxg3+ 44. Kxg3 Bf4+ 45. Kf3 Bxb8 0-1

[Event "Kupreichik Memorial Open 2018"]
[Site "Minsk"]
[Date "2018.06.21"]
[Round "2"]
[White "Kirilin, Dmitrij"]
[Black "Ivanytska, Liudmyla"]
[Result "1-0"]
[ECO "D30"]
[WhiteElo "1898"]
[BlackElo "1655"]
[Annotator "NA"]
[PlyCount "118"]
[EventDate "2018.06.21"]
[EventCountry "BLR"]
[SourceTitle "playchess.com"]
[Source "ChessBase"]
[SourceQuality "1"]
[TimeControl "900+10"]

1. d4 d5 2. c4 e6 3. Nf3 b6 4. g3 Bb7 5. Bg2 Nf6 6. O-O Be7 7. Nc3 O-O 8. cxd5 Nxd5 9. Nxd5 Bxd5 10. Qd3 c5 11. e4 Bb7 12. Rd1 cxd4 13. Nxd4 Bc5 14. Be3 Qe7 15. Rac1 Kh8 16. a3 Rd8 17. b4 e5 18. bxc5 exd4 19. Bxd4 Nc6 20. Qe3 Nxd4 21. Rxd4 bxc5 22. Rdc4 Rac8 23. h4 Ba6 24. Rxc5 Rxc5 25. Qxc5 Qxc5 26. Rxc5 Rd7 27. e5 g6 28. f4 Rd1+ 29. Kh2 Rd2 30. Rc1 Ra2 31. a4 Bb7 32. Rg1 Bc8 33. Kh1 Rxa4 34. Bd5 Kg7 35. Rc1 Be6 36. Bxe6 fxe6 37. Rc7+ Kg8 38. Kg2 h5 39. Re7 Ra6 40. Kf3 Kf8 41. Rd7 Ra3+ 42. Kf2 a5 43. Ra7 a4 44. Kg2 Ke8 45. Kh2 Ra2+ 46. Kh3 a3 47. g4 hxg4+ 48. Kxg4 Ra1 49. Kg5 a2 50. Kf6 Kd8 51. Kxe6 Kc8 52. h5 Kb8 53. Rxa2 Rxa2 54. hxg6 Ra6+ 55. Kf7 Ra4 56. f5 Rf4 57. f6 Kc7 58. e6 Kd6 59. e7 Kd5 1-0

[Event "Kupreichik Memorial Open 2018"]
[Site "Minsk"]
[Date "2018.06.21"]
[Round "2"]
[White "Tyurin, Artem"]
[Black "Kashtelyan, Valentin"]
[Result "1-0"]
[ECO "B32"]
[WhiteElo "1855"]
[BlackElo "1604"]
[Annotator "NA"]
[PlyCount "49"]
[EventDate "2018.06.21"]
[EventCountry "BLR"]
[SourceTitle "playchess.com"]
[Source "ChessBase"]
[SourceQuality "1"]
[TimeControl "900+10"]

1. e4 c5 2. Nf3 Nc6 3. d4 cxd4 4. Nxd4 Qc7 5. Nc3 a6 6. g3 e6 7. Bg2 Nf6 8. O-O Be7 9. Nb3 O-O 10. f4 d6 11. Be3 b5 12. g4 Bb7 13. g5 Nd7 14. Qh5 g6 15. Qh6 Rfe8 16. Rf3 Bf8 17. Qh4 Bg7 18. Rh3 Nf8 19. f5 exf5 20. Nd5 Qd8 21. Bb6 Qc8 22. Nf6+ Bxf6 23. gxf6 fxe4 24. Qh6 Qxh3 25. Qg7# 1-0

[Event "Kupreichik Memorial Open 2018"]
[Site "Minsk"]
[Date "2018.06.21"]
[Round "2"]
[White "Kruglikova, Viktorija"]
[Black "Stsepkina, Yauheniya"]
[Result "0-1"]
[ECO "B34"]
[WhiteElo "1839"]
[BlackElo "1591"]
[Annotator "NA"]
[PlyCount "146"]
[EventDate "2018.06.21"]
[EventCountry "BLR"]
[SourceTitle "playchess.com"]
[Source "ChessBase"]
[SourceQuality "1"]
[TimeControl "900+10"]

1. e4 c5 2. Nf3 Nc6 3. d4 cxd4 4. Nxd4 g6 5. Nc3 Bg7 6. Be3 Nf6 7. Be2 O-O 8. Qd2 Re8 9. f4 d5 10. e5 Ng4 11. Bxg4 Bxg4 12. h3 Nxd4 13. Bxd4 Bf5 14. g4 Be4 15. Nxe4 dxe4 16. O-O-O f6 17. Qe3 Qc7 18. Qxe4 fxe5 19. Bxe5 Bxe5 20. Qxe5 Qxe5 21. fxe5 Rad8 22. Rh2 Rxd1+ 23. Kxd1 Kf7 24. Rd2 Ke6 25. Ke2 Rf8 26. Ke3 Rf1 27. Rh2 Re1+ 28. Kd3 Kxe5 29. Rf2 Ke6 30. Rf3 Rd1+ 31. Kc4 Rd2 32. Kc3 Rd5 33. b3 h5 34. gxh5 Rxh5 35. a4 Rf5 36. Re3+ Kf6 37. Kd4 Rf2 38. c4 Rf4+ 39. Kc5 Rf5+ 40. Kd4 Rf4+ 41. Kc5 Rf5+ 42. Kd4 b6 43. Rg3 g5 44. Re3 e6 45. Rg3 Rf4+ 46. Kc3 e5 47. a5 bxa5 48. c5 Rb4 49. Rd3 Rb7 50. Rd6+ Kf5 51. c6 Rc7 52. Kc4 e4 53. Kd4 a6 54. Rh6 Rc8 55. Rd6 Rc7 56. Kc5 e3 57. Rd1 Kf4 58. Rd7 e2 59. Rxc7 e1=Q 60. Rb7 Qc3+ 61. Kd6 Qe5+ 62. Kd7 Qd5+ 63. Kc7 Ke5 64. Rb8 Qd6+ 65. Kb7 Qb4+ 66. Ka7 Qc5+ 67. Kb7 Qb5+ 68. Kc7 Qc5 69. Re8+ Kd5 70. Rd8+ Ke6 71. Re8+ Kf7 72. Rd8 Qa7+ 73. Kd6 Qe7+ 0-1